 Dungeon Crawl Stone Soup version 0.26-a0-834-g69557b85cc (webtiles) character file.

Game seed: 3519688935948735033

214 strifetoe the Chopper (level 5, -3/32 HPs)
             Began as a Gargoyle Monk on Nov 17, 2020.
             Killed by divine providence
             ... invoked by an orc priest
              (12 damage)
             ... on level 3 of the Dungeon.
             The game lasted 00:02:38 (2708 turns).

strifetoe the Chopper (Gargoyle Monk)               Turns: 2708, Time: 00:02:39

Health: -3/32      AC: 11    Str: 15    XL:     5   Next: 91%
Magic:  5/5        EV: 10    Int: 11    God:
Gold:   84         SH:  0    Dex: 12    Spells: 4/4 levels left

rFire    . . .     SeeInvis .   a - +0 hand axe
rCold    . . .     Faith    .   (no shield)
rNeg     + . .     Spirit   .   m - +0 scale mail
rPois    ∞         Reflect  .   l - +0 helmet
rElec    +         Harm     .   (no cloak)
rCorr    .         Rampage  .   (no gloves)
MR       .....                  (no boots)
Stlth    +.........             (no amulet)
HPRegen  0.10/turn              (no ring)
MPRegen  0.09/turn              (no ring)

@: no status effects
A: negative energy resistance 1, electricity resistance, unbreathing,
petrification resistance, rot immunity, AC +4
a: no special abilities


You were on level 3 of the Dungeon.
You visited 1 branch of the dungeon, and saw 3 of its levels.

You collected 84 gold pieces.

Inventory:

Hand Weapons
 a - a +0 hand axe (weapon)
Missiles
 n - 2 silver javelins (quivered)
Armour
 b - a +0 robe
 l - a +0 helmet (worn)
 m - a +0 scale mail (worn)
Jewellery
 g - a cursed ring of teleportation {unknown}
Wands
 o - a wand of iceblast (5)
Scrolls
 c - a scroll of fear {unknown}
 d - a scroll of teleportation {unknown}
 f - 6 scrolls of identify {unknown}
 h - a scroll of amnesia {unknown}
 i - 2 scrolls of enchant armour {unknown}
 k - 2 scrolls of remove curse {unknown}
 p - 3 scrolls of random uselessness {unknown}
Potions
 e - 2 potions of might {unknown}
 j - a potion of curing {unknown}


   Skills:
 - Level 3.2 Fighting
 + Level 5.8 Axes
 - Level 2.4 Dodging
 - Level 2.1 Stealth


You had 4 spell levels left.
You didn't know any spells.
Your spell library was empty.

Dungeon Overview and Level Annotations

Branches:
Dungeon (3/15)

Altars:
Gozag


Innate Abilities, Weirdness & Mutations

You are resistant to torment.
Your stone body is resilient. (AC +4)
You are immune to poison.
You resist negative energy. (rN+)
You are resistant to electric shocks. (rElec)
You can survive without breathing.
You are immune to petrification.
You are immune to rotting.


Message History

You are too injured to fight recklessly!
You are too injured to fight recklessly!
You are too injured to fight recklessly!
You are too injured to fight recklessly!
You are too injured to fight recklessly!
You are too injured to fight recklessly!
You are too injured to fight recklessly!
You are too injured to fight recklessly!
Unknown command.
The orc priest hits you but does no damage.
You see here 2 viscous inky potions.
Evoke which item? (* to show all) (? for menu, Esc to quit)
Aiming: Iceblast
Press: ? - help, Shift-Dir - straight line, f - orc priest
Aim: an orc priest, wielding a +0 trident (moderately wounded)
The mass of ice explodes!
The iceblast engulfs the orc priest!
The orc priest is almost dead.
The orc priest invokes the aid of Beogh against you.
Beogh smites you!
You die...

#.... .... ...
. #
#..########.#
#.#............
#..........#.#
#..o.......#
###....)...#
.......)@...#
####.#.#.####
#........#
#..#####.# #..
#.########.#
#..
#...........
##.
#)..######.#
#.#####)†.#####
#..............


You could see an orc priest.

Vanquished Creatures
  A bullfrog (D:3)
  A centaur skeleton (D:3)
  An orc priest (D:3)
  3 gnolls (D:3)
  3 worms
  A dart slug (D:1)
  2 orcs (D:3)
  4 giant cockroaches
  7 goblins
  5 hobgoblins
  9 kobolds
  A quokka (D:2)
  A ball python (D:1)
  4 bats
  2 frilled lizards (D:1)
  3 rats
48 creatures vanquished.

Notes
Turn   | Place    | Note
-------+----------+-------------------------------------------
     0 | D:1      | strifetoe the Gargoyle Monk began the quest for the Orb.
     0 | D:1      | Reached XP level 1. HP: 14/14 MP: 1/1
   358 | D:1      | Reached skill level 3 in Axes
   505 | D:1      | Reached XP level 2. HP: 9/19 MP: 2/2
  1386 | D:2      | Reached XP level 3. HP: 19/23 MP: 3/3
  1706 | D:2      | Found an opulent altar of Gozag.
  2130 | D:2      | Reached skill level 4 in Axes
  2465 | D:3      | Reached XP level 4. HP: 22/28 MP: 4/4
  2528 | D:3      | Noticed a bullfrog
  2531 | D:3      | Killed a bullfrog
  2532 | D:3      | Reached skill level 5 in Axes
  2532 | D:3      | Reached XP level 5. HP: 32/32 MP: 5/5
  2708 | D:3      | Killed from afar by an orc priest

Illustrated notes

Levels and vault maps discovered:
D:1:      tarquinn_simple_flora_water_f, layout_basic, kennysheep_minor_cross
D:2:      layout_basic, grunt_gozag_statues
D:3:      layout_loops_ring, grunt_ministairs_2, minmay_close_crescents

Skill      XL: |  1  2  3  4 |
---------------+-------------+-----
Axes           | 3 4 5 |  5.8
Fighting       | |  3.2
Dodging        | |  2.4
Stealth        | |  2.1

Action                   |  1- 3 |  4- 6 || total
-------------------------+-------+-------++-------
Melee: Hand axe          |   159 |    59 ||   218
Evoke: Wand              |       |     5 ||     5
 Stab: Sleeping          |     3 |       ||     3
Armor: Robe              |    38 |       ||    38
       Scale mail        |    21 |    28 ||    49
Dodge: Dodged            |    85 |    30 ||   115

Table legend: (Time is in decaauts)
 A = Elapsed time spent in this place.
 B = Non-inter-level travel time spent in this place.
 C = Inter-level travel time spent in this place.
 D = Time resting spent in this place.
 E = Time spent auto-exploring this place.
 F = Levels seen in this place.
 G = Mean time per level.
                   A        B        C        D        E       F      G
               +--------+--------+--------+--------+--------+-----+--------+
         Total |   2729 |   2626 |    103 |    274 |   1803 |   3 |  909.7 |
       Dungeon |   2729 |   2626 |    103 |    274 |   1803 |   3 |  909.7 |
               +--------+--------+--------+--------+--------+-----+--------+

Top non-repeatable levels by time:
     D:1: 1247 daAuts
     D:2: 1149 daAuts
     D:3: 331 daAuts
